 Dungeon Crawl Stone Soup version 0.28.0-43-g3370ac3207 (webtiles) character file.

Game seed: 8804812947011481019

242 Orthodox the Skirmisher (level 6, -4/51 HPs)
             Began as a Formicid Abyssal Knight on Mar 6, 2022.
             Was a Believer of Lugonu.
             Slain by a killer bee (7 damage)
             ... on level 4 of the Dungeon.
             The game lasted 00:18:16 (3603 turns).

Orthodox the Skirmisher (Formicid Abyssal Knight)   Turns: 3603, Time: 00:18:17

Health: -4/51      AC:  6    Str: 20    XL:     6   Next: 30%
Magic:  7/7        EV:  8    Int:  9    God:    Lugonu [**....]
Gold:   102        SH:  6    Dex: 11    Spells: 5/5 levels left

rFire   . . .      SeeInvis +   d - +0 war axe
rCold   . . .      Faith    .   l - +0 kite shield
rNeg    . . .      Spirit   .   i - +0 scale mail
rPois   .          Reflect  .   (helmet unavailable)
rElec   .          Harm     .   (no cloak)
rCorr   .          Rampage  .   (no gloves)
Will    .....                   (no boots)
Stlth   ..........              (no amulet)
HPRegen 0.17/turn               (no ring)
MPRegen 0.10/turn               (no ring)

@: lethally poisoned (-4 -> -31)
A: permanent stasis, dig shafts and tunnels, antennae 3, four strong arms
a: Dig, Shaft Self, Renounce Religion, Depart the Abyss, Bend Space


You were on level 4 of the Dungeon.
You worshipped Lugonu.
Lugonu was pleased with you.
You visited 1 branch of the dungeon, and saw 4 of its levels.
You visited the Abyss 1 time.

You collected 102 gold pieces.

Inventory:

Hand Weapons
 a - a +1 hand axe
 d - a +0 war axe (weapon)
Missiles
 e - 5 boomerangs
Armour
 b - a +0 leather armour
 g - a +0 ring mail
 i - a +0 scale mail (worn)
 l - a +0 kite shield (worn)
Scrolls
 k - a scroll of torment {unknown}
 m - a scroll of identify {unknown}
Potions
 c - a potion of curing {unknown}
 f - a potion of flight {unknown}
 h - a potion of degeneration {unknown}
 j - 2 potions of might {unknown}


   Skills:
 + Level 5.5 Fighting
 + Level 4.4 Axes
 - Level 2.3 Armour
 - Level 1.0 Dodging
 - Level 2.3 Invocations


You had 5 spell levels left.
You didn't know any spells.
Your spell library was empty.

Dungeon Overview and Level Annotations

Branches:
Dungeon (4/15)
 Temple: D:4-7

Altars:
Ru

Annotations:
D:4 3 runed translucent doors, cbfl8's ghost, weakling MiDe


Innate Abilities, Weirdness & Mutations

You cannot be hasted, slowed, berserked, paralysed or teleported.
You can dig through walls and to a lower floor.
You have a pair of large antennae on your head. (SInv)
Your four strong arms can wield two-handed weapons with a shield.


Message History

Unknown command.
Unknown command.
You completely miss the killer bee. The killer bee stings you. x2
The killer bee closely misses you.
You take 7 damage, and have 44/51 hp.
You miss the killer bee. The killer bee completely misses you.
You block the killer bee's attack. The killer bee stings you.
You take 1 damage, and have 43/51 hp.
You barely miss the killer bee. You block the killer bee's attack.
The killer bee barely misses you. x2
You closely miss the killer bee. The killer bee stings you.
You are poisoned.
The killer bee poisons you! You block the killer bee's attack.
You take 1 damage, and have 42/51 hp.
You slash the killer bee!
The killer bee is heavily wounded.
You feel sick. You block the killer bee's attack.
The killer bee closely misses you. The killer bee stings you!
You are more poisoned.
The killer bee poisons you!
You take 10 damage, and have 32/51 hp.
You completely miss the killer bee.
The killer bee is heavily wounded.
You feel very sick. The killer bee stings you!
You are more poisoned.
The killer bee poisons you! The killer bee stings you.
You are more poisoned.
The killer bee poisons you! The killer bee stings you.
* * * LOW HITPOINT WARNING * * *
You take 19 damage, and have 13/51 hp.
MASSIVE DAMAGE!!
You barely miss the killer bee.
The killer bee is heavily wounded.
* * * LOW HITPOINT WARNING * * *
You feel extremely sick. The killer bee stings you.
* * * LOW HITPOINT WARNING * * *
You are more poisoned.
The killer bee poisons you! The killer bee stings you!
You die...

#.# #........#..# #.
#.# #........#..# #.
#.# #........#..# #.
#.# #.......)#..####.
#.#####........#..##...
#>.....................
#.#####........#..##...
#.#####........#.......
#.##yy@..........###.#.
#.##y###########.###.##
####....###
###........##
#.........#
#......######
#.#.#.#.#.# #......#
#.........# #......#
#.#.#.#.#.# ###'####
#.........# #.#
#.#.#.#.#....# #.#


You could see 3 killer bees.

Vanquished Creatures
  A water moccasin skeleton (D:4)
  A hound (D:4)
  An adder (D:3)
  A worm (D:1)
  2 dart slugs (D:1)
  An orc (D:4)
  5 ball pythons
  5 endoplasms
  4 giant cockroaches
  A goblin (D:1)
  9 hobgoblins
  7 jackals
  6 kobolds
  3 quokkas
  7 bats
  A frilled lizard (D:1)
  5 rats
60 creatures vanquished.

Vanquished Creatures (collateral kills)
  An ogre (D:4)
1 creature vanquished.

Vanquished Creatures (others)
  6 plants (D:1)
6 creatures vanquished.

Grand Total: 67 creatures vanquished

Notes
Turn   | Place    | Note
-------+----------+-------------------------------------------
     0 | Abyss:1  | Orthodox the Formicid Abyssal Knight began the quest for
                  | the Orb.
     0 | Abyss:1  | Reached XP level 1. HP: 18/18 MP: 2/2
   102 | Abyss:1  | Noticed a worldbinder
   114 | Abyss:1  | Noticed a freezing wraith
   114 | Abyss:1  | Noticed a skeletal warrior
   114 | D:1      | Escaped the Abyss
   154 | D:1      | Reached skill level 1 in Dodging
   609 | D:1      | Reached XP level 2. HP: 22/24 MP: 3/3
   738 | D:1      | Reached * piety under Lugonu
   743 | D:1      | Reached XP level 3. HP: 20/30 MP: 4/4
  1091 | D:1      | Reached skill level 4 in Fighting
  1661 | D:2      | Found a sacrificial altar of Ru.
  1876 | D:2      | Reached XP level 4. HP: 33/34 MP: 5/5
  1916 | D:2      | You fall into a shaft and drop 2 floors!
  2132 | D:3      | Identified the +1 robe "Qiw Qego" {+Blink}
  2799 | D:4      | Noticed an ogre
  2818 | D:4      | Killed an ogre
  2819 | D:4      | Reached skill level 5 in Fighting
  2819 | D:4      | Reached XP level 5. HP: 44/44 MP: 6/6
  2971 | D:4      | Found a runed translucent gate.
  2972 | D:4      | Found a runed translucent gate.
  2973 | D:4      | Found a runed translucent gate.
  2975 | D:4      | Noticed cbfl8's ghost (weakling MiDe)
  2979 | D:4      | Noticed an ogre
  3195 | D:4      | Reached ** piety under Lugonu
  3236 | D:4      | Reached XP level 6. HP: 39/51 MP: 7/7
  3603 | D:4      | Slain by a killer bee

Illustrated notes

Levels and vault maps discovered:
D:1:      dpeg_arrival_shelter, layout_rooms, serial_forest,
          infiniplex_forest_lined_3, infiniplex_forest_clump_cross,
          infiniplex_forest_side_room, infiniplex_forest_straight_3,
          infiniplex_forest_end_2, infiniplex_forest_end_1,
          infiniplex_forest_zigzag_1, minmay_tall_x
D:2:      minmay_spotlight, layout_basic,
          hellmonk_ecumenical_altar_inner_sanctum, basic_altar
D:3:      layout_basic
D:4:      layout_basic, gammafunk_ghost_split, serial_glass, glass_columns_a,
          glass_columns_a, glass_columns_a, glass_columns_b, glass_columns_b,
          glass_columns_c

Skill      XL: |  1  2  3  4  5 |
---------------+----------------+-----
Dodging        | 1 |  1.0
Fighting       | 4 5 |  5.5
Axes           | 3 4 |  4.4
Armour         | |  2.3
Invocations    | |  2.3

Action                   |  1- 3 |  4- 6 || total
-------------------------+-------+-------++-------
Melee: Hand axe          |   123 |    43 ||   166
       Punch             |     1 |     1 ||     2
       War axe           |       |    61 ||    61
Invok: Depart the Abyss  |     1 |       ||     1
 Abil: Dig               |     3 |       ||     3
  Use: Scroll            |       |     2 ||     2
Armor: Leather armour    |    33 |       ||    33
       Ring mail         |     6 |    32 ||    38
       Scale mail        |       |    25 ||    25
Dodge: Dodged            |    74 |    66 ||   140
Block: Kite shield       |       |    25 ||    25
